Unix NetHack Version 5.0.0-0 post-release - last build Jul 19 2026 19:10:59 (3aa4ab31751d3886436d94b585a96704892fd477,branch:main).

Game began 2026-07-26 06:29:36, ended 2026-07-26 08:44:10.

LDaviesPeters, neutral female human Archeologist

                                                                 -----
                                                                 |...|
            ------------      --------                        ###.....#
            |...........#     |.......#                       #  |..{|#
           #...........|#     |......|##                      #  |..`|#
           #|.........%|##    ------f- #                    ###  |...|#
           #|....>.....| #          @  ##                   #    -----#
           #------------ #          #   ##                  #         #
           ##            #         [#    #   -------+----   #         #
            ##           #       ###     #   |..........|  ##         #
             #           #  -----.----   #   |......^....###          #
 ------------#           #  |........|   #   |..........|             #
 |...(......|#           ###.........|   ####...........|             #
 |.....^<...|#              |........|       |.(........|    ###########
 |...........#              |....{...|       |...`......|          #---%-
 ------------               |........|       ------------          #|...|
                            ----------                             #|...|
                                                                    |...|
                                                                    -----

LDaviesPeters the Field Worker  St:11 Dx:10 Co:16 In:18 Wi:14 Ch:12  Neutral
Dlvl:8  $:83 HP:0(37) Pw:12(12) AC:5  Xp:5 T:4472 

Latest messages:
 The housecat bites!
 The housecat bites!
 You kill the dwarf lady!
 The housecat bites!
 You miss the housecat.
 The housecat bites!
 You miss the housecat.
 The housecat bites!
 You lash the housecat.
 The housecat bites!
 You miss the housecat.
 The housecat bites!
 You lash the housecat!
 The housecat bites!
 You lash the housecat.
 The housecat bites!
 The housecat bites!
 You miss the housecat.
 The housecat bites!
 You lash the housecat.
 The housecat bites!
 The housecat bites!
 Are you sure you want to pray? [yn] (n) y
 You begin praying to Camaxtli.
 You are surrounded by a shimmering light.
 The housecat starts to attack you, but pulls back.
 The housecat starts to attack you, but pulls back.
 The housecat starts to attack you, but pulls back.
 The housecat starts to attack you, but pulls back.
 You finish your prayer.
 You feel that Camaxtli is well-pleased.
 You feel much better.
 You miss the housecat.
 The housecat bites!
 The housecat bites!
 You kill the housecat!
 You miss the jaguar.
 The jaguar hits!
 The jaguar hits again!
 The jaguar bites!
 You lash the jaguar.
 The jaguar hits!
 The jaguar hits again!
 The jaguar bites!
 You lash the jaguar.
 The jaguar hits!
 The jaguar hits again!
 The jaguar bites!
 You die...
 Do you want your possessions identified? [ynq] (y) q

Inventory:
 Coins    ('$')
  $ - 83 gold pieces
 Amulets  ('"')
  L - an uncursed amulet of guarding (being worn)
 Weapons  (')')
  k - a blessed +1 orcish dagger
  a - a +2 bullwhip (weapon in right hand)
 Armor    ('[')
  l - an uncursed rustproof +0 orcish helm (being worn)
  o - an uncursed +0 pair of leather gloves (being worn)
  t - an uncursed +0 mummy wrapping
  h - an uncursed +0 leather jacket (being worn)
 Comestibles  ('%')
  j - an uncursed cram ration
  d - 5 uncursed food rations
 Scrolls  ('?')
  x - a cursed scroll of teleportation
 Potions  ('!')
  u - an uncursed potion of invisibility
 Rings    ('=')
  E - an uncursed ring of poison resistance (on left hand)
  D - an uncursed ring of shock resistance
 Wands    ('/')
  i - a wand of digging (0:3)
  v - a wand of secret door detection (0:13)
 Tools    ('(')
  p - a +0 pick-axe
  M - a cursed tallow candle
  f - a tinning kit (0:44)
  B - an uncursed towel
 Gems/Stones  ('*')
  g - an uncursed touchstone

LDaviesPeters the Archeologist's attributes:

Background:
 You were a Field Worker, a level 5 female human Archeologist.
 You were neutral, on a mission for Camaxtli
 who was opposed by Quetzalcoatl (lawful) and Huhetotl (chaotic).
 You were right-handed.
 You were in the Dungeons of Doom, on level 8.
 You entered the dungeon 4472 turns ago.
 You had 250 experience points, 70 more were needed to attain level 6.

Basics:
 You had 0 out of 37 hit points.
 You had all 12 energy points (spell power).
 Your armor class was 5.
 Your wallet contained 83 zorkmids.
 Autopickup was off.

Final Characteristics:
 Your strength was 11 (limit:18/100).
 Your dexterity was 10 (limit:18).
 Your constitution was 16 (limit:18).
 Your intelligence was 18 (limit:18).
 Your wisdom was 14 (limit:18).
 Your charisma was 12 (limit:18).

Final Status:
 You weren't hungry.
 You were unencumbered.
 You were wielding a whip.
 You were skilled in whip.

Final Attributes:
 You were piously aligned.
 You were poison resistant.
 You had automatic searching.
 You were stealthy.
 You had a small defense bonus (+2).
 You were guarded.
 You are dead.

Miscellaneous:
 You didn't encounter any bones levels.
 Total elapsed playing time was 1 hour, 17 minutes and 11 seconds.

Major events:
 Turn
    1: LDaviesPeters the neutral female human Archeologist entered the dungeon
  420: entered the Gnomish Mines
 1916: attained the rank of Field Worker (level 3)
 4472: killed by a jaguar

Spells:
 Name                 Level Category     Fail Retention
 haste self             3   escape       100%  76%-100%
 sleep                  3   enchantment  100%  76%-100%

Skills:
 Fighting Skills
   bare handed combat [Unskilled]
   two weapon combat  [Unskilled]
   riding             [Unskilled]
 Weapon Skills
   dagger             [Unskilled]
   knife              [Unskilled]
   pick-axe           [Basic]
   short sword        [Unskilled]
   saber              [Unskilled]
   club               [Unskilled]
   quarterstaff       [Unskilled]
   sling              [Unskilled]
   dart               [Unskilled]
   boomerang          [Unskilled]
   whip               [Skilled]
   unicorn horn       [Unskilled]
 Spellcasting Skills
   attack spells      [Unskilled]
   healing spells     [Unskilled]
   divination spells  [Unskilled]
   matter spells      [Unskilled]

Voluntary challenges:
 Character rerolling was not enabled.
 You never genocided any monsters.
 You never polymorphed an object.
 You never changed form.
 You used no wishes.
Achievements:
 You entered the Gnomish Mines.
 You entered a shop.
 You attained the rank of Field Worker.

 The Dungeons of Doom: levels 1 to 9
    Level 1:
       Some fountains.
    Level 2:
       A general store, a fountain.
       Stairs down to The Gnomish Mines.
    Level 3:
       A general store, some fountains.
    Level 4:
    Level 5:
       A food shop, a fountain.
    Level 6:
       Some fountains.
    Level 7:
       A fountain.
    Level 8: <- You were here.
       A fountain, a sink.
       Final resting place for
          you, killed by a jaguar.
    Level 9:
 The Gnomish Mines:
    Level 3:


Vanquished creatures:
  a housecat
  a dwarf leader
  a gnome mummy
  a rock mole
  a fog cloud
  a shrieker
  a giant ant
  a floating eye
  2 homunculi
  a centipede
  2 orc zombies
  2 dwarf zombies
  2 iguanas
 an acid blob
  2 hobgoblins
  a brown mold
  a yellow mold
  a garter snake
  2 geckos
  a jackal
  3 kobolds
  2 goblins
  2 sewer rats
  2 grid bugs
  a bat
  2 lichens
  2 kobold zombies
  6 newts
46 creatures vanquished.

No species were genocided or became extinct.

Game over:
                       ----------
                      /          \
                     /    REST    \
                    /      IN      \
                   /     PEACE      \
                  /                  \
                  |  LDaviesPeters   |
                  |      83 Au       |
                  |   killed by a    |
                  |      jaguar      |
                  |                  |
                  |                  |
                  |       2026       |
                 *|     *  *  *      | *
        _________)/\\_//(\/(/\)/\//\/|_)_______

Goodbye LDaviesPeters the Archeologist...

You died in The Dungeons of Doom on dungeon level 8 with 1495 points,
and 83 pieces of gold, after 4472 moves.
You were level 5 with a maximum of 37 hit points when you died.

